 Dungeon Crawl Stone Soup version 0.21-a0-72-gbbb65ab (webtiles) character file.

25190 xgamer67 the Severer (level 13, -23/72 HPs)
             Began as a Vine Stalker Berserker on June 20, 2017.
             Was an Elder of Trog.
             Killed from afar by a crystal guardian (29 damage)
             ... with a crystal bolt
             ... on level 12 of the Dungeon.
             The game lasted 00:29:30 (4063 turns).

xgamer67 the Severer (Vine Stalker Berserker)       Turns: 4063, Time: 00:29:30

Health: -23/72     AC: 15    Str: 24    XL:     13   Next: 18%
Magic:  0/14       EV:  8    Int:  7    God:    Trog [****..]
Gold:   291        SH:  0    Dex: 15    Spells: 12/12 levels left

rFire    . . .     SeeInvis .   a - +0 battleaxe
rCold    . . .     Gourm    .   (shield currently unavailable)
rNeg     . . .     Faith    .   o - +0 plate armour
rPois    .         Spirit   +   (no helmet)
rElec    .         Reflect  .   (no cloak)
rCorr    .         Harm     .   (no gloves)
MR       +....                  e - +0 pair of boots
Stlth    ..........             (no amulet)
HPRegen  1.02/turn              (no ring)
MPRegen  0.14/turn              (no ring)

@: very slow
A: fangs 3, regeneration 2, magic shield, antimagic bite, no potion heal 3, rot
immunity
a: Berserk, Trog's Hand, Brothers in Arms, Burn Spellbooks, Renounce Religion


You were on level 12 of the Dungeon.
You worshipped Trog.
Trog was greatly pleased with you.
You were not hungry.

You visited 3 branches of the dungeon, and saw 16 of its levels.

You collected 766 gold pieces.
You spent 475 gold pieces at shops.

Inventory:

Hand Weapons
 a - a +0 battleaxe (weapon)
 d - a +2 war axe
 h - a +0 war axe
 m - a +0 hand axe
 s - a +1 war axe
Missiles
 i - 3 poisoned tomahawks (quivered)
Armour
 b - a +0 animal skin
 e - a +0 pair of boots (worn)
 f - a +1 leather armour of magic resistance
 j - a +1 chain mail of positive energy
 l - a +2 buckler
 o - a +0 plate armour (worn)
 t - the +2 chain mail "Fatub" {rC+ rN+, unknown}
   (You bought it in a shop on level 2 of the Orcish Mines)

   It protects you from cold.
   It protects you from negative energy.
 u - the +2 chain mail of Mallas {rN+ rCorr, unknown}
   (You bought it in a shop on level 2 of the Orcish Mines)

   It protects you from negative energy.
   It protects you from acid and corrosion.
Potions
 g - 2 potions of agility
 k - a potion of berserk rage
 q - a potion of degeneration {unknown}
 r - a potion of haste
Comestibles
 c - 2 bread rations
 n - 2 meat rations
 p - a fruit
 v - 4 chunks of flesh


   Skills:
 - Level 10.0 Fighting
 + Level 15.1 Axes
 - Level 8.0 Armour
 - Level 1.5 Dodging


You had 12 spell levels left.
You didn't know any spells.

Dungeon Overview and Level Annotations

Branches:
Dungeon (13/15)            Temple (1/1) D:6             Orc (2/2) D:12
   Lair: D:8-11         Elf: Orc:2       Vaults: D:13-14

Altars:
Ashenzari
Elyvilon
Fedhas

Shops:
Orc:2 [:%*

Portals:
Pandemonium: Orc:2

Annotations:
D:12 exclusion: orange crystal statue


Innate Abilities, Weirdness & Mutations

You have razor-sharp teeth.
You heal very quickly.
When hurt, damage is shared between your health and your magic reserves.
Your bite disrupts and absorbs the magic of your enemies.
Potions cannot restore your health.
You are immune to rotting.


Message History

Something tries to feed on your intellect!
Found 32 gold pieces, 17 arrows and 21 stones.
There is an open door here.
The crystal guardian fires a crystalline bolt at you.
The crystal bolt freezes you!
Found a scroll of remove curse and a scroll of amnesia.
The orange crystal statue glitters.
The crystal guardian fires a crystalline bolt at you.
The crystal bolt freezes you!
Ouch! That really hurt!
* * * LOW HITPOINT WARNING * * *
The crystal bolt freezes you!
* * * LOW HITPOINT WARNING * * *
There is an open door here.
You enter the shallow water.
Moving in this stuff is going to be slow.
The orc shouts!
The crystal guardian fires a crystalline bolt at you.
The crystal bolt freezes you!
You die...

########## ### ( .........## #≈≈
o. ###.####..# #≈########## ...#
#.#####.#####≈##...$..$. ..o.
#..........##≈##?(o$..(. ..G.
########.#.(.≈##...$..(? ....
..#........#.≈##8$.oo.$? ...#
#.#..#.#.(.##≈@'....8... #.#
#.....##≈##8.%../.. #≈ ###.#
#.(...##≈##$...$9.. #≈#
....####.###.##≈##.(..)... #≈##
....)))(...#.##≈##...).$.. #≈.###
...#####.#.#...≈############≈....
...# #.#.##..≈≈≈≈≈≈≈≈≈≈≈≈≈≈....
...#####.#.##..######.......#....
...'.............................


You could see an orange crystal statue, 2 crystal guardians, a gargoyle, an orc
priest, an orc wizard and an orc.

Vanquished Creatures
  An orc warlord (Orc:1)
  An ettin (Orc:1)
  3 two-headed ogres
  Nergalle (D:10)
  The ghost of xgamer67 the Cleaver, a journeyman VSBe of Trog (Orc:1)
  8 orc high priests
  A deep elf knight (Orc:1)
  2 soul eaters (Orc:2)
  2 unseen horrors
  A torturous demonspawn (Orc:2)
  A gelid demonspawn (Orc:2)
  An infernal demonspawn (Orc:2)
  5 orc sorcerers
  A cyclops (Orc:2)
  4 orc knights (Orc:2)
  A manticore (D:12)
  A centaur zombie (D:12)
  A gargoyle (D:12)
  An orange demon (Orc:2)
  A centaur skeleton (D:10)
  A troll (D:12)
  2 hornets (D:10)
  4 vampire mosquitoes (D:12)
  A warg (Orc:1)
  A black bear (D:4)
  16 orc warriors
  2 eyes of draining
  3 ice beasts
  A necrophage (D:10)
  A centaur (D:12)
  A phantom (D:6)
  7 ogres
  A big kobold (D:12)
  A bullfrog (D:11)
  2 scorpions
  4 crimson imps
  A howler monkey (D:6)
  19 orc priests
  4 hounds
  A bullfrog skeleton (D:6)
  7 orc wizards
  2 worker ants
  5 adders
  4 gnolls
  An adder skeleton (D:6)
  35 orcs
  A giant cockroach (D:6)
  A goblin (D:1)
  5 kobolds
  A quokka (D:9)
  A rat (D:3)
174 creatures vanquished.

Notes
Turn   | Place    | Note
-------+----------+-------------------------------------------
     0 | D:1      | xgamer67 the Vine Stalker Berserker began the quest for the Orb.
     0 | D:1      | Reached XP level 1. HP: 11/11 MP: 2/2
   117 | D:3      | Noticed an orc wizard
   118 | D:3      | Reached skill level 3 in Axes
   122 | D:3      | Killed an orc wizard
   122 | D:3      | Reached XP level 2. HP: 16/16 MP: 1/3
   122 | D:3      | Reached XP level 3. HP: 19/19 MP: 1/4
   124 | D:3      | Reached skill level 4 in Axes
   211 | D:4      | Noticed an ogre
   215 | D:4      | Gained mutation: Your natural rate of healing is unusually fast. [Vine Stalker growth]
   215 | D:4      | Reached XP level 4. HP: 15/23 MP: 3/5
   237 | D:4      | Killed an ogre
   237 | D:4      | Reached skill level 5 in Axes
   237 | D:4      | Reached XP level 5. HP: 27/27 MP: 4/6
   251 | D:4      | Noticed a black bear
   259 | D:5      | Entered Level 5 of the Dungeon
   273 | D:4      | HP: 1/40 [black bear (2)]
   274 | D:4      | Killed a black bear
   274 | D:4      | Reached skill level 6 in Axes
   274 | D:4      | Reached XP level 6. HP: 2/32 MP: 5/7
   437 | D:6      | Found a staircase to the Ecumenical Temple.
   441 | D:6      | Noticed an orc warrior
   444 | D:6      | Killed an orc warrior
   444 | D:6      | Reached skill level 7 in Axes
   444 | D:6      | Reached XP level 7. HP: 34/35 MP: 5/8
   448 | D:6      | Reached ** piety under Trog
   455 | Temple   | Entered the Ecumenical Temple
   637 | D:6      | Reached skill level 8 in Axes
   678 | D:7      | Gained mutation: You have razor-sharp teeth. [Vine Stalker growth]
   678 | D:7      | Reached XP level 8. HP: 39/39 MP: 9/9
   794 | D:8      | Noticed a two-headed ogre
   802 | D:8      | Killed a two-headed ogre
   802 | D:8      | Reached skill level 10 in Axes
   858 | D:9      | Noticed a two-headed ogre
   868 | D:9      | Killed a two-headed ogre
   868 | D:9      | Reached skill level 11 in Axes
   868 | D:9      | Reached XP level 9. HP: 43/43 MP: 10/10
   964 | D:10     | Entered Level 10 of the Dungeon
   964 | D:10     | Noticed a hornet
   971 | D:10     | Killed a hornet
  1017 | D:10     | Noticed Nergalle
  1023 | D:10     | Killed Nergalle
  1023 | D:10     | Reached skill level 12 in Axes
  1037 | D:10     | Reached XP level 10. HP: 43/47 MP: 11/11
  1158 | D:10     | Killed an unseen horror
  1158 | D:10     | Reached skill level 13 in Axes
  1426 | D:12     | Found a staircase to the Orcish Mines.
  1435 | Orc:1    | Entered Level 1 of the Orcish Mines
  1435 | Orc:1    | Noticed xgamer67's ghost (journeyman VSBe)
  1449 | D:12     | Noticed a gargoyle
  1457 | D:12     | Killed a gargoyle
  1514 | Orc:1    | Killed xgamer67's ghost
  1514 | Orc:1    | Reached skill level 14 in Axes
  1680 | Orc:1    | Reached *** piety under Trog
  1720 | Orc:1    | Reached XP level 11. HP: 52/52 MP: 9/12
  1811 | Orc:1    | Noticed a deep elf knight
  1829 | Orc:1    | Killed a deep elf knight
  1846 | Orc:1    | Noticed an ettin
  1864 | Orc:1    | Noticed an orc high priest
  1864 | Orc:1    | Noticed an orc sorcerer
  1865 | Orc:1    | Noticed an orc warlord
  1866 | Orc:1    | HP: 1/53 [ice devil[an orc high priest] (13)]
  1867 | Orc:1    | Noticed a sixfirhy
  1982 | Orc:1    | Killed an ettin
  2051 | Orc:1    | Killed an orc warlord
  2051 | Orc:1    | Reached skill level 5 in Fighting
  2106 | Orc:1    | Killed an orc sorcerer
  2113 | Orc:1    | Killed an orc high priest
  2113 | Orc:1    | Reached skill level 5 in Armour
  2209 | Orc:2    | Entered Level 2 of the Orcish Mines
  2209 | Orc:2    | Noticed a cyclops
  2215 | Orc:2    | Killed a cyclops
  2372 | Orc:2    | Found Tuta's General Store.
  2443 | Orc:2    | Noticed an orc knight
  2466 | Orc:2    | Killed an orc knight
  2510 | Orc:2    | Found Voos's Food Shop.
  2511 | Orc:2    | Noticed a soul eater
  2714 | Orc:2    | Killed a soul eater
  2714 | Orc:2    | Gained mutation: You heal very quickly. [Vine Stalker growth]
  2714 | Orc:2    | Reached XP level 12. HP: 42/63 MP: 6/13
  2778 | Orc:2    | Reached **** piety under Trog
  2827 | Orc:2    | Noticed an orc high priest
  2850 | Orc:2    | Killed an orc high priest
  2910 | Orc:2    | Noticed an orc high priest
  2940 | Orc:2    | Killed an orc high priest
  3026 | Orc:2    | Noticed an orc high priest
  3058 | Orc:2    | Killed an orc high priest
  3126 | Orc:2    | Noticed a soul eater
  3239 | Orc:2    | Noticed a soul eater
  3250 | Orc:2    | Killed a soul eater
  3316 | Orc:2    | Noticed an orc high priest
  3318 | Orc:2    | Noticed an orc high priest
  3332 | Orc:2    | Killed an orc high priest
  3370 | Orc:2    | Noticed an orc high priest
  3393 | Orc:2    | Killed an orc high priest
  3460 | Orc:2    | Noticed a soul eater
  3463 | Orc:2    | Killed an orc high priest
  3538 | Orc:2    | Noticed an orc high priest
  3598 | Orc:2    | Noticed a sun demon
  3601 | Orc:2    | Killed an orc high priest
  3601 | Orc:2    | Reached XP level 13. HP: 72/72 MP: 11/14
  3667 | Orc:2    | Found Codoboufa's Antique Armour Emporium.
  3667 | Orc:2    | Found a one-way gate leading to the halls of Pandemonium.
  3667 | Orc:2    | Found Doos's Book Shoppe.
  3704 | Orc:2    | Bought a scroll of remove curse for 45 gold pieces
  3706 | Orc:2    | Bought a bread ration for 70 gold pieces
  3735 | Orc:2    | Bought a scorched chain mail for 180 gold pieces
  3735 | Orc:2    | Bought a faintly humming chain mail for 180 gold pieces
  3942 | D:12     | Reached skill level 10 in Fighting
  3959 | D:12     | Reached skill level 15 in Axes
  4052 | D:12     | Found a runed door.
  4060 | D:12     | Noticed a crystal guardian
  4060 | D:12     | Noticed a crystal guardian
  4063 | D:12     | Killed from afar by a crystal guardian

Vault maps used:
D:1:      dpeg_arrival_stonehenge_12_columns, glass_columns_a
D:2:      first_bread, grunt_ministairs_8, hangedman_glass_teeth
D:3:      minitemple
D:4:      vehumet_crystals
D:6:      kennysheep_kobold_camp, minmay_temple_entry_grid
D:7:      enter_bailey_2, the_bakery
D:8:      hangedman_abyss_or_decor_stagger
D:9:      lemuel_crystal_altar, st_stairs_11, centaur_isle
D:10:     uniq_nergalle, uniq_joseph
D:11:     lair_entry_dummy, kennysheep_decorative_pillar, nrook_pool_corridor
D:12:     orc_0_dummy, minmay_crystal_box
D:13:     david_vaults_4, portal_ice_cave_entry_pillars_1
Temple:   lightli_temple_of_artemis
Orc:1:    elf_legates
Orc:2:    pf_orc_diabolical, serial_shops, nicolae_shop_trees,
          minmay_orc_temple_b, uniq_erolcha

Skill      XL: |  1  2  3  4  5  6  7  8  9 10 11 12 13 |
---------------+----------------------------------------+-----
Axes           | 3 4 5 6 7 8 11 12 14 15 | 15.1
Fighting       | 3 7 9 10 | 10.0
Armour         | 2 6 8 |  8.0
Dodging        | |  1.5

Action                   |  1- 3 |  4- 6 |  7- 9 | 10-12 | 13-15 || total
-------------------------+-------+-------+-------+-------+-------++-------
Melee: Hand axe          |    18 |    52 |       |       |       ||    70
       Bite              |     4 |    23 |    26 |   147 |    18 ||   218
       War axe           |       |     8 |    78 |   393 |       ||   479
       Battleaxe         |       |       |       |       |    47 ||    47
Invok: Berserk           |     1 |     3 |     5 |    27 |     1 ||    37
       Trog's Hand       |       |       |     1 |     4 |       ||     5
  Use: Scroll            |       |       |     1 |     8 |     1 ||    10
       Potion            |       |       |       |     3 |       ||     3
  Eat: Chunk             |       |     1 |     8 |    31 |     1 ||    41
       Fruit             |       |       |       |     1 |       ||     1
       Bread ration      |       |       |       |     1 |       ||     1
Armor: Leather armour    |     2 |    15 |       |       |       ||    17
       Plate armour      |       |       |    52 |   131 |    26 ||   209
Dodge: Dodged            |    13 |    48 |    23 |    98 |    29 ||   211
